 Dungeon Crawl Stone Soup version 0.31-a0-233-g139696dc86 (webtiles) character file.

Game seed: 9267284518281455700

37 Shard1697 the Magician (level 3, -2/28 HPs)
             Began as a Djinni Summoner on July 8, 2023.
             Was a Follower of Lugonu.
             Slain by an iguana (11 damage)
             ... on level 2 of the Dungeon.
             The game lasted 00:02:09 (1136 turns).

Shard1697 the Magician (Djinni Summoner)            Turns: 1136, Time: 00:02:10

Health: -2/28      AC:  2    Str:  7    XL:     3   Next: 62%
Gold:   74         EV: 12    Int: 18    God:    Lugonu [*.....] SH:  0 Dex: 13

rFire   + + .        b - +0 mace
rCold   x . .        (no shield)
rNeg    . . .        a - +0 robe
rPois   ∞            (no helmet)
rElec   .            (no cloak)
rCorr   .            (no gloves)
SInv    .            (boots unavailable)
Will    .....        (no amulet)
Stlth   ++           (no ring)
HPRegen 0.24/turn    (no ring)
MPRegen 0.00/turn

%: infuse magic (-3 HP)
@: flying
A: sickness immunity, fire resistance 2, cold vulnerability 1, float, innate
caster, HP casting, extra vitality 1
a: Renounce Religion, Depart the Abyss


You were on level 2 of the Dungeon.
You worshipped Lugonu.
Lugonu was aware of your devotion.
You visited 1 branch of the dungeon, and saw 2 of its levels.

You collected 74 gold pieces.

Inventory:

Hand Weapons
 b - a +0 mace (weapon)
Armour
 a - a +0 robe (worn)
Scrolls
 d - a scroll of fog {unknown}
Potions
 c - a potion of curing {unknown}
 e - a potion of magic {unknown}


   Skills:
 * Level 1.8 Fighting
 - Level 2.1 Dodging
 - Level 1.5 Stealth
 * Level 3.7 Spellcasting
 * Level 3.7 Conjurations
 * Level 3.7 Hexes
   Level 0.0 Charms
 * Level 3.7 Summonings
 * Level 3.7 Necromancy
 * Level 3.7 Translocations
 * Level 3.7 Transmutations
 * Level 3.7 Fire Magic
 * Level 3.7 Ice Magic
 * Level 3.7 Air Magic
 * Level 3.7 Earth Magic
 * Level 3.7 Poison Magic
 + Level 0.4 Invocations


You knew the following spells:

 Your Spells              Type           Power      Damage    Failure   Level
a - Summon Small Mammal   Summ           64%        N/A       3%          1
b - Call Imp              Summ           32%        N/A       4%          2
c - Call Canine Familiar  Summ           16%        N/A       10%         3
d - Summon Guardian Gole  Hex/Summ       16%        N/A       10%         3
e - Summon Lightning Spi  Summ/Air       16%        N/A       32%         4
f - Sandblast             Erth           32%        2d9       3%          1
Your spell library was empty.

Dungeon Overview and Level Annotations

Branches:
Dungeon (2/15)

Altars:
Lugonu


Innate Abilities, Weirdness & Mutations

You are immune to sickness and miasma.
You are immune to poison.
Your flesh is very heat resistant. (rF++)
You are vulnerable to cold. (rC-)
You float through the air rather than walking.
You learn spells naturally, not from books.
Your magical power is your life essence.
You have superior vitality. (+4 MHP)


Message History

No target in view!
No target in view!
No target in view!
No target in view!
No target in view!
No target in view!
No target in view!
An iguana and a kobold come into view.
There are monsters nearby!
Casting: Call Imp (safe; 4% risk of failure)
Confirm with . or Enter, or press ? or * to list all spells.
A tiny devil pulls itself out of the air.
The iguana hisses angrily.
The kobold shouts!
Casting: Call Imp (safe; 4% risk of failure)
Confirm with . or Enter, or press ? or * to list all spells.
Aiming: Sandblast (safe; 3% risk of failure)
Press: ? - help, Shift-Dir - straight line, f - iguana
Aim: an iguana (ally target, 84% to hit)
The blast of sand hits the iguana but does no damage.
A ball python comes into view.
Your cerulean imp hits the iguana but does no damage.
The iguana barely misses you.
Your cerulean imp hits the iguana but does no damage.
You closely miss the iguana.
Your cerulean imp hits the iguana with a -3 spear.
The iguana bites you!
An endoplasm comes into view.
Your cerulean imp hits the iguana with a -3 spear.
You hit the iguana but do no damage.
The iguana is lightly wounded.
The iguana closely misses you.
Your cerulean imp hits the iguana but does no damage.
The iguana attacks as you move away! The iguana bites you!
Your cerulean imp barely misses the iguana.
Okay, then.
Casting: Sandblast (safe; 3% risk of failure)
Confirm with . or Enter, or press ? or * to list all spells.
The spell is quite dangerous to miscast (10% risk of failure)!
Continue anyway?
The iguana bites you!
You die...

.......#.....#.)...
..#.........#.....#...#.
...#.........#.....#...#.
.............#.....#...#.
...................#...#.
.......#...........#...##
..................'...+.
#..........#+####...##
#...@†........##...#.
#.5l..#.......##.....
##S#h.#.......##.....
#....K#.........###...##
.....#..#................#
.### #J.#................#
#.##................. #J
##................ ..
#..........>.....


You could see an iguana (ally target), an endoplasm, a ball python, a kobold, a
friendly hound (summoned) and a friendly cerulean imp (summoned).

Vanquished Creatures
  2 endoplasms (D:1)
  2 giant cockroaches
  A goblin (D:1)
  A hobgoblin (D:1)
  3 quokkas
  2 ball pythons (D:1)
  2 bats (D:2)
  3 kobolds
  3 rats
19 creatures vanquished.

Vanquished Creatures (collateral kills)
  An adder (D:1)
  A ball python (D:1)
  An endoplasm (D:1)
  A giant cockroach (D:1)
  2 frilled lizards (D:1)
  A goblin (D:1)
  2 kobolds (D:1)
  A rat (D:1)
10 creatures vanquished.

Grand Total: 29 creatures vanquished

Notes
Turn   | Place    | Note
-------+----------+-------------------------------------------
     0 | D:1      | Shard1697 the Djinni Summoner began the quest for the Orb.
     0 | D:1      | Shard1697 set off with the following spells memorised:
                  | Summon Small Mammal, Call Imp, Call Canine Familiar, Summon
                  | Guardian Golem, Summon Lightning Spire.
     0 | D:1      | Reached XP level 1. HP: 15/15 MP: 0/0
   364 | D:1      | Reached XP level 2. HP: 15/22 MP: 0/0
   395 | D:1      | Reached skill level 1 in Fighting
   507 | D:1      | Found a faded altar of an unknown god.
   518 | D:1      | Prayed at the altar of an unknown god.
   518 | D:1      | Became a worshipper of Lugonu the Unformed
   518 | D:1      | Reached * piety under Lugonu
   525 | D:1      | You are sucked into a shaft and drop 1 floor!
   556 | D:1      | Reached XP level 3. HP: 16/27 MP: 0/0
   556 | D:1      | Learned a level 1 spell: Sandblast
  1136 | D:2      | Slain by an iguana

Illustrated notes

Levels and vault maps discovered:
D:1:      dpeg_arrival_simpleton_a, layout_loops_ring,
          shapermc_ecumenical_altar_notcrosses, serial_glass, glass_columns_c,
          glass_columns_b
D:2:      minmay_evil_eye, layout_basic, serial_bayou_crossing

Skill      XL: |  1  2 |
---------------+-------+-----
Fighting       | 1 |  1.8
Dodging        | |  2.1
Stealth        | |  1.5
Spellcasting   | |  3.7
Conjurations   | |  3.7
Hexes          | |  3.7
Summonings     | |  3.7
Necromancy     | |  3.7
Translocations | |  3.7
Transmutations | |  3.7
Fire Magic     | |  3.7
Ice Magic      | |  3.7
Air Magic      | |  3.7
Earth Magic    | |  3.7
Poison Magic   | |  3.7
Invocations    | |  0.4

Action                     || total
---------------------------++-------
  Melee: Unarmed           ||     9
         Club              ||     6
         Short sword       ||    14
         Mace              ||    41
   Cast: Summon Small Mamm ||    11
         Call Imp          ||     7
         Call Canine Famil ||     1
         Sandblast         ||     1
   Stab: Sleeping          ||     1
 Armour: Robe              ||    10
  Dodge: Dodged            ||    59

Table legend: (Time is in decaauts)
 A = Elapsed time spent in this place.
 B = Non-inter-level travel time spent in this place.
 C = Inter-level travel time spent in this place.
 D = Time resting spent in this place.
 E = Time spent auto-exploring this place.
 F = Levels seen in this place.
 G = Mean time per level.
                   A        B        C        D        E       F      G
               +--------+--------+--------+--------+--------+-----+--------+
         Total |   1153 |   1113 |     40 |    118 |    703 |   2 |  576.5 |
       Dungeon |   1153 |   1113 |     40 |    118 |    703 |   2 |  576.5 |
               +--------+--------+--------+--------+--------+-----+--------+

Top non-repeatable levels by time:
     D:1: 910 daAuts
     D:2: 243 daAuts
